Map: New Repugnancy LE

Players

Duttles - Winner!

  • Race: Zerg Zerg
  • League: Diamond
  • Spawn Location: 7:00

Furioustyles

  • Race: Zerg Zerg
  • League: Diamond
  • Spawn Location: 1:00

VOD

Have the link to the VOD?

Description

Time

  • Played on: Feb. 9, 2019, 3:15 p.m.
  • Length: 10:32
Show
View Real Time Build Order
Export as new Build Order

Duttles Zerg - Winner!

Build Orders: Hatch First 

Get SALT Encoding   

  12  0:01  Drone  
  13  0:13  Overlord  
  13  0:17  Drone  
  14  0:31  Drone  
  14  0:32  Drone  
  16  0:39  Drone  
  17  0:53  Drone  
  18  1:00  Hatchery  
  18  1:02  Drone  
  18  1:10  Drone  
  19  1:12  Extractor  
  19  1:17  Spawning Pool  
  17  1:20  Drone  
  18  1:31  Drone  
  19  1:37  Evolution Chamber  
  19  1:39  Overlord  
  18  2:04  Zergling x4, Queen  
  22  2:13  Drone  
  22  2:14  Queen  
  25  2:16  Zerg Melee Weapons Level 1  
  25  2:18  Zergling x2  
  26  2:26  Drone x2  
  28  2:34  Drone x2  
  30  2:46  Drone x2  
  30  2:49  Metabolic Boost  
  32  2:55  Overlord  
  32  3:03  Drone  
  33  3:06  Zergling x4  
  33  3:10  Baneling Nest  
  34  3:13  Zergling x6  
  34  3:17  Zergling x2  
  34  3:18  Zergling x2  
  39  3:25  Zergling x6  
  42  3:31  Overlord  
  42  3:32  Zergling x2  
  43  3:40  Zergling x2  
  44  3:41  Overlord  
  43  3:49  Zergling x2  
  43  3:53  Zergling x2  
  45  3:57  Queen  
  45  3:59  Zergling x6  
  50  4:04  Spine Crawler  
  50  4:05  Zergling x2  
  50  4:07  Zergling x2  
  51  4:13  Zergling x4  
  53  4:21  Zergling x6  
  55  4:24  Zergling x2  
  46  4:32  Zergling x8  
  45  4:40  Zergling x2  
  46  4:47  Zergling x2  
  47  4:54  Zergling x4  
  47  5:02  Zergling x2  
  43  5:08  Zergling x6  
  46  5:16  Zergling x2  
  46  5:20  Zergling x2  
  48  5:24  Zergling x2  
  49  5:29  Zerg Ground Armor Level 1  
  49  5:30  Zergling x2, Hatchery  
  49  5:32  Baneling x3  
  49  5:41  Zergling x4  
  49  5:42  Zergling x4  
  51  5:47  Zergling x2  
  46  5:55  Zergling x4  
  44  6:00  Zergling x6  
  41  6:08  Zergling x6  
  44  6:12  Zergling x2  
  45  6:19  Zergling x4  
  47  6:32  Zergling x4  
  48  6:39  Baneling x4  
  46  6:40  Zergling x2  
  46  6:41  Zergling x2  
  47  6:47  Zergling x4  
  47  6:49  Zergling x2  
  47  6:50  Zergling x8  
  47  6:51  Queen  
  47  6:53  Drone  
  57  6:54  Overlord  
  57  6:55  Drone  
  59  7:15  Zergling x4  
  59  7:16  Zergling x8  
  59  7:22  Baneling  
  64  7:28  Zergling x6  
  67  7:33  Zergling x6  
  70  7:37  Baneling  
  70  7:39  Baneling  
  70  7:40  Zergling x6  
  73  7:51  Zergling x10  
  52  7:58  Zergling x4  
  52  8:02  Zergling x2  
  51  8:12  Zergling x4  
  46  8:16  Drone  
  46  8:17  Extractor  
  46  8:20  Zergling x2, Drone  
  46  8:25  Zergling x2  
  47  8:33  Zergling x4  
  41  8:38  Zergling x2  
  38  8:44  Zergling x4  
  38  8:47  Zergling x2  
  39  8:51  Zergling x8  
  39  8:52  Zergling x10  
  39  8:54  Zergling x2  
  49  8:57  Zergling x2  
  49  9:01  Lair  
  49  9:04  Drone  
  49  9:08  Zergling x4  
  52  9:12  Zergling x2  
  53  9:18  Zergling x4  
  53  9:20  Zergling x2  
  56  9:28  Zergling x2  
  57  9:36  Zergling x4  
  57  9:37  Zergling x8  
  57  9:38  Baneling x7  
  63  9:39  Baneling x2  
  63  9:41  Zergling x4  
  65  9:53  Zergling x10  
  67  10:00  Zergling x6  
  67  10:03  Zergling x2  
  67  10:05  Zergling x2  
  66  10:07  Zergling x2  
  66  10:12  Zergling x2  
  66  10:13  Zergling x2  
  63  10:14  Zergling x2  
Show
View Real Time Build Order
Export as new Build Order

Furioustyles Zerg 

Build Orders: Hatch First 

Get SALT Encoding   

  12  0:01  Drone  
  13  0:13  Overlord  
  13  0:17  Drone  
  14  0:31  Drone x2  
  14  0:34  Drone  
  17  0:54  Hatchery  
  17  0:56  Drone  
  17  1:00  Drone  
  18  1:05  Extractor  
  18  1:07  Drone  
  18  1:19  Spawning Pool  
  18  1:22  Drone  
  18  1:29  Drone  
  19  1:39  Drone  
  20  1:50  Drone  
  21  2:00  Overlord  
  21  2:07  Zergling x2, Queen x2  
  26  2:11  Zergling x2  
  26  2:15  Metabolic Boost  
  27  2:18  Drone  
  28  2:24  Drone  
  28  2:27  Drone  
  30  2:33  Roach Warren  
  30  2:35  Drone  
  30  2:39  Overlord  
  30  2:50  Overlord  
  30  2:52  Zergling x2  
  31  3:14  Roach x2  
  31  3:15  Roach x2  
  31  3:16  Roach x2  
  31  3:18  Roach  
  45  3:20  Overlord  
  45  3:27  Roach  
  45  3:29  Zergling x4  
  45  3:31  Zergling x2  
  50  3:46  Zergling x2  
  51  3:48  Zergling x4  
  51  3:49  Zergling x2  
  51  3:55  Overlord  
  54  3:57  Zergling x4  
  56  4:08  Roach x2  
  56  4:09  Overlord x2  
  60  4:20  Overlord  
  60  4:21  Zergling x6  
  49  4:32  Zergling x2  
  49  4:33  Zergling x6  
  47  4:44  Drone x4  
  43  4:52  Evolution Chamber  
  40  5:01  Roach x3  
  46  5:07  Overlord  
  46  5:10  Lair  
  46  5:13  Roach  
  46  5:14  Roach  
  50  5:22  Evolution Chamber  
  50  5:28  Spine Crawler, Roach  
  50  5:29  Roach  
  50  5:32  Zergling x2  
  50  5:33  Zergling x2  
  53  5:48  Zergling x4  
  53  5:49  Zergling x8  
  44  5:58  Zergling x6  
  44  5:59  Zergling x2  
  43  6:06  Zerg Melee Weapons Level 1  
  43  6:13  Queen  
  43  6:15  Queen  
  47  6:28  Roach x2  
  50  6:44  Spine Crawler  
  49  6:49  Roach x2  
  53  7:06  Roach x2  
  57  7:11  Zergling x8  
  57  7:12  Zergling x4  
  63  7:29  Roach x3  
  69  7:30  Zergling x8  
  69  7:31  Zergling x2  
  65  7:54  Roach  
  65  7:55  Roach x2  
  65  8:08  Drone x3  
  63  8:21  Hatchery, Roach  
  63  8:22  Roach x2  
  54  8:40  Zergling x8  
  50  9:01  Spore Crawler  
  47  9:07  Drone  
  47  9:08  Drone x5  
  53  9:13  Spine Crawler  
  53  9:16  Spine Crawler  
  51  9:19  Zergling x8  
  51  9:21  Extractor  
  54  9:45  Baneling Nest  
  53  9:51  Roach  
  55  9:53  Zergling x12  
Tags
 
Add a new tag
Caveats
  • Supply blocks, unpowered buildings, or Contaminate may cause inaccurate times.
  • Supply counts are checked every 10 seconds.